 Dungeon Crawl Stone Soup version 0.28.0 (webtiles) character file.

Game seed: 11259914489368189708

13 GordonOverkill the Ducker (level 2, 0/23 HPs)
             Began as a Djinni Gladiator on Feb 10, 2022.
             Slain by a howler monkey (5 damage)
             ... on level 4 of the Dungeon.
             The game lasted 00:10:04 (1094 turns).

GordonOverkill the Ducker (Djinni Gladiator)        Turns: 1094, Time: 00:10:05

Health: 0/23       AC:  4    Str: 13    XL:     2   Next: 50%
Gold:   22         EV: 12    Int:  9    God:
                   SH:  0    Dex: 14

rFire   + + +      SeeInvis .   a - +0 trident
rCold   x . .      Faith    .   (no shield)
rNeg    . . .      Spirit   .   b - +0 leather armour
rPois   ∞          Reflect  .   c - +0 helmet
rElec   .          Harm     .   (no cloak)
rCorr   .          Rampage  .   (no gloves)
Will    .....                   (boots unavailable)
Stlth   +.........              (no amulet)
HPRegen 0.07/turn               f - ring of protection from fire
MPRegen 0.00/turn               (no ring)

@: attractive, flying
A: sickness immunity, fire resistance 2, cold vulnerability 1, float, innate
caster, HP casting, extra vitality 1
a: no special abilities


You were on level 4 of the Dungeon.
You visited 1 branch of the dungeon, and saw 3 of its levels.

You collected 22 gold pieces.

Inventory:

Hand Weapons
 a - a +0 trident (weapon)
Armour
 b - a +0 leather armour (worn)
 c - a +0 helmet (worn)
Jewellery
 f - a ring of protection from fire (left hand)
Scrolls
 h - a scroll of teleportation {unknown}
 i - a scroll of blinking {unknown}


   Skills:
 + Level 2.3 Fighting
 + Level 2.6 Polearms
 + Level 1.9 Throwing
 - Level 3.2 Dodging


You had one spell level left.
You didn't know any spells.
Your spell library was empty.

Dungeon Overview and Level Annotations

Branches:
Dungeon (2/15)

Altars:
Okawaru

Shops:
D:1 (


Innate Abilities, Weirdness & Mutations

You are immune to sickness and miasma.
You are immune to poison.
Your flesh is very heat resistant. (rF++)
You are vulnerable to cold. (rC-)
You float through the air rather than walking.
You learn spells naturally, not from books.
Your magical power is your life essence.
You have superior vitality. (+4 MHP)


Message History

The howler monkey hits you!
The howler monkey hoots and howls with incredible vigour!
You barely miss the howler monkey.
The howler monkey is severely wounded.
The howler monkey hoots and howls with incredible vigour!
You hear a shout!
An orc comes into view.
It is wielding a +2 short sword of venom.
Found a falchion.
The orc shouts!
The orc moves out of view.
The howler monkey hoots and howls with incredible vigour!
The orc hits you but does no damage.
The howler monkey hoots and howls with incredible vigour!
You hear an angry hiss.
You hear a shout!
You hit the orc.
The orc is heavily wounded.
The orc hits you with a +2 short sword of venom.
* * * LOW HITPOINT WARNING * * *
You hit the orc. You punch the orc.
You kill the orc!
The howler monkey hits you.
* * * LOW HITPOINT WARNING * * *
The howler monkey hoots and howls with incredible vigour!
Unknown command.
Unknown command.
Unknown command.
Unknown command.
Unknown command.
Unknown command.
Found 14 arrows.
An ogre comes into view. It is wielding a +0 giant club.
It was a potion of attraction.
You feel attractive to monsters. The dart slug is attracted toward you.
The ogre is attracted toward you.
As you read the scroll labelled ESOB OSHYIGOCK, it crumbles to dust.
You speak a Word of immense power!
It was a scroll of holy word.
The howler monkey hits you.
* * * LOW HITPOINT WARNING * * *
The howler monkey hits you.
You die...

....###...##
#...........#
.#..#.).).#..#
.§.##.._.w##)#
(...#.).).#..#
#........§...#
#....O###w..##
#.....#h...#
##....@....#
##......(##
#########


You could see an ogre, a howler monkey and a dart slug.

Vanquished Creatures
  An orc (D:4)
  An endoplasm (D:1)
  A hobgoblin (D:1)
  2 ball pythons (D:1)
  A frilled lizard (D:1)
  3 goblins (D:1)
  2 kobolds (D:1)
  A rat (D:1)
12 creatures vanquished.

Notes
Turn   | Place    | Note
-------+----------+-------------------------------------------
     0 | D:1      | GordonOverkill the Djinni Gladiator began the quest for the
                  | Orb.
     0 | D:1      | Reached XP level 1. HP: 18/18 MP: 0/0
   622 | D:1      | Reached XP level 2. HP: 23/23 MP: 0/0
   798 | D:1      | Found Utuk's Weapon Boutique.
  1061 | D:2      | You are sucked into a shaft and drop 2 floors!
  1061 | D:4      | Noticed a howler monkey
  1071 | D:4      | Found an iron altar of Okawaru.
  1092 | D:4      | Noticed an ogre
  1094 | D:4      | Slain by a howler monkey

Illustrated notes

Levels and vault maps discovered:
D:1:      scummos_arrival_checkerplants, layout_basic, serial_shops,
          nicolae_shop_bloodbath_and_beyond
D:2:      layout_loops_ring, shapermc_ecumenical_altar_flowoftime
D:4:      layout_cave_pools, tso_oasis_becter, okawaru_ov_weapons_minmay,
          minmay_temple_entry_hall, hangedman_abyss_or_decor_stagger

Action                   || total
-------------------------++-------
Melee: Trident           ||    42
       Punch             ||     1
Throw: Throwing net      ||     6
  Use: Scroll            ||     1
       Potion            ||     1
 Stab: Sleeping          ||     2
Armor: Leather armour    ||     4
Dodge: Dodged            ||    16
